 Dungeon Crawl Stone Soup version 0.27-a0-1139-g28e009f8a6 (webtiles) character file.

Game seed: 12967533006998974009

389 leviel the Ruffian (level 6, -1/61 HPs)
             Began as a Troll Monk on May 7, 2021.
             Slain by a killer bee (5 damage)
             ... on level 5 of the Dungeon.
             The game lasted 00:04:26 (3615 turns).

leviel the Ruffian (Troll Monk)                     Turns: 3615, Time: 00:04:26

Health: -1/61      AC:  4    Str: 22    XL:     6   Next: 49%
Magic:  5/5        EV: 10    Int:  6    God:
Gold:   124        SH:  0    Dex: 12    Spells: 5/5 levels left

rFire    . . .     SeeInvis .     - Unarmed
rCold    . . .     Faith    .   (no shield)
rNeg     . . .     Spirit   .   a - +0 robe
rPois    .         Reflect  .   (helmet restricted)
rElec    .         Harm     .   (no cloak)
rCorr    .         Rampage  .   (gloves unavailable)
Will     .....                  (boots unavailable)
Stlth    ++........             (no amulet)
HPRegen  1.20/turn              (no ring)
MPRegen  0.09/turn              (no ring)

@: lethally poisoned (-1 -> -1)
A: large, unfitting armour, claws 3, regeneration 1, shaggy fur 1, tough skin 1
a: no special abilities


You were on level 5 of the Dungeon.
You visited 1 branch of the dungeon, and saw 5 of its levels.

You collected 173 gold pieces.
You spent 49 gold pieces at shops.

Inventory:

Missiles
 k - 5 javelins (quivered)
Armour
 a - a +0 robe (worn)
Scrolls
 d - a scroll of vulnerability
 e - 2 scrolls of teleportation
 f - a scroll of blinking
Potions
 b - 2 potions of attraction
 c - 2 potions of magic {unknown}
 g - 2 potions of curing {unknown}
 i - a potion of lignification {unknown}
 l - 2 potions of resistance {unknown}
 m - a potion of might {unknown}
 o - a potion of mutation {unknown}


   Skills:
 + Level 3.0 Fighting
 + Level 3.4 Dodging
 + Level 2.0 Stealth
 * Level 5.5 Unarmed Combat


You had 5 spell levels left.
You didn't know any spells.
Your spell library contained the following spells:

 Spells                   Type           Power      Damage    Failure   Level
 Foxfire                  Conj/Fire      0%         2x1d4     45%         1
 Conjure Flame            Conj/Fire      0%         6-21      83%         3
 Inner Flame              Hex/Fire       0%         N/A       83%         3
 Sticky Flame             Conj/Fire      0%         2d3       99%         4
 Fireball                 Conj/Fire      0%         3d3       100%        5


Dungeon Overview and Level Annotations

Branches:
Dungeon (5/15)
 Temple: D:4-7

Altars:

Shops:
D:2 *

Annotations:
D:3 1 runed translucent door, Crazy Yiuf


Innate Abilities, Weirdness & Mutations

You are too large for most types of armour.
You have claws for hands.
Your natural rate of healing is unusually fast.
You are covered in fur. (AC +1)
You have tough skin. (AC +1)


Message History

A killer bee comes into view.
The killer bee buzzes angrily. x2
A killer bee comes into view.
The killer bee closely misses you.
The killer bee stings you but does no damage.
The killer bee stings you.
You miss the killer bee.
The killer bee stings you but does no damage.
You closely miss the killer bee. The killer bee stings you.
You are poisoned.
The killer bee poisons you! The killer bee stings you!
The killer bee stings you.
You closely miss the killer bee.
You feel very sick.
The killer bee stings you but does no damage.
The killer bee barely misses you. x2; The killer bee misses you.
The killer bee closely misses you.
You scratch the killer bee.
The killer bee is lightly wounded.
You feel sick. The killer bee stings you! The killer bee stings you. x2
You are more poisoned.
The killer bee poisons you! The killer bee stings you. x2
* * * LOW HITPOINT WARNING * * *
You are too injured to fight recklessly!
You are too injured to fight recklessly!
You are too injured to fight recklessly!
You are too injured to fight recklessly!
You are too injured to fight recklessly!
You are too injured to fight recklessly!
You are too injured to fight recklessly!
You are too injured to fight recklessly!
Unknown command.
You feel very sick.
The killer bee stings you but does no damage.
The killer bee stings you!
* * * LOW HITPOINT WARNING * * *
The killer bee closely misses you. x2; The killer bee barely misses you.
You feel sick.
You feel sick. The killer bee stings you.
You die...

### .. .# # #
#####.##
....#.#.yy@..#
#........y#..#
#.#.#.#.#.#..#
.....#.#..#
.............
####....####...
##.#.# .#.#
#.#.. .#..
#.###


You could see 3 killer bees.

Vanquished Creatures
  A necrophage (D:2)
  A jelly (D:4)
  Jessica (D:2)
  2 iguanas
  An orc wizard (D:4)
  5 adders
  An ufetubus (D:4)
  3 dart slugs
  10 orcs
  11 endoplasms
  4 giant cockroaches
  5 goblins
  11 hobgoblins
  14 jackals
  2 quokkas
  9 ball pythons
  3 bats
  4 frilled lizards
  4 kobolds
  6 rats
98 creatures vanquished.

Vanquished Creatures (others)
  3 fungi (D:3)
3 creatures vanquished.

Grand Total: 101 creatures vanquished

Notes
Turn   | Place    | Note
-------+----------+-------------------------------------------
     0 | D:1      | leviel the Troll Monk began the quest for the Orb.
     0 | D:1      | Reached XP level 1. HP: 22/22 MP: 0/0
   104 | D:1      | Reached XP level 2. HP: 24/29 MP: 1/1
   364 | D:1      | Reached XP level 3. HP: 33/36 MP: 2/2
   866 | D:2      | Found a faded altar of an unknown god.
  1036 | D:2      | Noticed a necrophage
  1052 | D:2      | Reached XP level 4. HP: 39/44 MP: 3/3
  1081 | D:2      | Killed a necrophage
  1082 | D:2      | Reached skill level 4 in Unarmed Combat
  1082 | D:2      | Reached XP level 5. HP: 35/52 MP: 4/4
  1106 | D:2      | Found Terchaopse's Assorted Antiques.
  1114 | D:2      | Bought a golden potion for 23 gold pieces
  1114 | D:2      | Bought a scroll labelled SIMYNL ASYXTE for 26 gold pieces
  1447 | D:2      | Noticed Jessica
  1454 | D:2      | Killed Jessica
  2630 | D:3      | Reached skill level 5 in Unarmed Combat
  2828 | D:3      | Found a runed translucent door.
  2829 | D:3      | Noticed Crazy Yiuf
  2889 | D:4      | Reached XP level 6. HP: 61/61 MP: 5/5
  3605 | D:5      | Entered Level 5 of the Dungeon
  3615 | D:5      | Slain by a killer bee

Illustrated notes

Levels and vault maps discovered:
D:1:      onia_arrival_mini_maze_b, layout_loops_ring
D:2:      minmay_chambers_of_twos, layout_basic,
          hellmonk_ecumenical_altar_crossroads, serial_shops,
          nicolae_shop_statue_plus, amcnicky_mini_rare_corridor_liquid,
          serial_bayou_pond_b, uniq_jessica
D:3:      layout_basic, serial_co_window_serial, co_window_of_opportunity_a,
          co_window_of_opportunity_a, co_window_cross_1,
          co_window_of_opportunity_a, co_window_paths_a,
          co_window_unsneaky_path_c, co_window_2corner, co_window_2corner,
          co_window_corner_cb, glass_columns_a, glass_columns_a,
          uniq_crazy_yiuf_cottage
D:4:      layout_loops_ring, minivault_24
D:5:      layout_loops_corners, kennysheep_crisscross, kennysheep_nub,
          uniq_blork_the_orc

Skill      XL: |  1  2  3  4  5  6 |
---------------+-------------------+-----
Dodging        | 3 |  3.4
Unarmed Combat | 4 5 |  5.5
Fighting       | 3 |  3.0
Stealth        | 2 |  2.0

Action                   |  1- 3 |  4- 6 || total
-------------------------+-------+-------++-------
Melee: Unarmed           |    78 |   186 ||   264
       Punch             |       |     1 ||     1
  Use: Scroll            |     3 |     4 ||     7
 Stab: Sleeping          |     6 |     6 ||    12
Armor: Robe              |    13 |    53 ||    66
Dodge: Dodged            |    49 |    97 ||   146

Table legend: (Time is in decaauts)
 A = Elapsed time spent in this place.
 B = Non-inter-level travel time spent in this place.
 C = Inter-level travel time spent in this place.
 D = Time resting spent in this place.
 E = Time spent auto-exploring this place.
 F = Levels seen in this place.
 G = Mean time per level.
                   A        B        C        D        E       F      G
               +--------+--------+--------+--------+--------+-----+--------+
         Total |   3597 |   3412 |    185 |    122 |   2718 |   5 |  719.4 |
       Dungeon |   3597 |   3412 |    185 |    122 |   2718 |   5 |  719.4 |
               +--------+--------+--------+--------+--------+-----+--------+

Top non-repeatable levels by time:
     D:3: 1164 daAuts
     D:2: 870 daAuts
     D:1: 815 daAuts
     D:4: 737 daAuts
     D:5: 9 daAuts
